Map: Jagannatha LE

Players

CHEESEBURGER

  • Race: Protoss Protoss

Pumba - Winner!

  • Race: Zerg Zerg
  • League: Gold

VOD

Have the link to the VOD?

Description

Time

  • Played on: Aug. 3, 2021, 7:35 p.m.
  • Length: 7:41
Show
View Real Time Build Order
Export as new Build Order

CHEESEBURGER Protoss 

Build Orders:  

Get SALT Encoding   

  12  0:00  Probe  
  13  0:12  Probe  
  14  0:25  Pylon  
  14  0:26  Probe  
  15  0:43  Probe  
  15  0:45  Gateway  
  16  0:52  Assimilator  
  16  0:55  Probe  
  17  1:08  Probe  
  18  1:20  Pylon, Probe  
  19  1:32  Probe  
  20  1:40  Cybernetics Core  
  20  1:59  Pylon  
  20  2:03  Probe  
  21  2:20  Warp Gate, Gateway  
  21  2:21  Stalker  
  23  2:34  Probe  
  24  2:39  Pylon  
  24  2:54  Gateway  
  24  3:01  Stalker  
  25  3:39  Nexus  
  25  3:40  Twilight Council  
  25  3:41  Probe  
  25  3:42  Assimilator  
  25  3:44  Pylon  
  26  3:55  Probe  
  27  4:09  Stalker x2  
  31  4:10  Stalker  
  32  4:26  Probe  
  33  4:51  Probe  
  33  4:52  Probe  
  35  4:58  Robotics Facility  
  35  5:03  Probe  
  35  5:04  Probe  
  35  5:06  Dark Shrine  
  37  5:14  Stalker x2  
  37  5:16  Probe x2  
  43  5:29  Probe x2  
  43  5:32  Zealot  
  47  5:37  Zealot  
  47  5:41  Probe x2  
  47  5:42  Stalker  
  53  6:04  Stalker  
  53  6:05  Stalker  
  55  6:22  Warp Prism (Chrono Boost)  
  55  6:23  Probe x2  
  59  6:27  Assimilator  
  59  6:29  Assimilator  
  59  6:35  Probe x2  
  59  6:55  Pylon  
  59  6:57  Pylon  
  59  6:58  Dark Templar  
  59  7:01  Pylon  
  61  7:03  Pylon  
  61  7:14  Dark Templar x2  
Show
View Real Time Build Order
Export as new Build Order

Pumba Zerg - Winner!

Build Orders: Pool First 

Get SALT Encoding   

  12  0:00  Drone  
  13  0:13  Overlord  
  13  0:18  Drone  
  14  0:31  Drone x2  
  16  0:42  Drone  
  17  0:45  Spawning Pool  
  17  0:49  Drone  
  17  1:10  Hatchery  
  16  1:14  Drone  
  16  1:16  Extractor  
  16  1:23  Drone  
  16  1:25  Drone  
  18  1:34  Queen  
  18  1:36  Zergling x2  
  21  1:44  Overlord  
  21  1:52  Drone  
  22  2:02  Overlord  
  22  2:18  Queen, Drone  
  25  2:26  Drone x2  
  25  2:27  Metabolic Boost  
  27  2:36  Overlord  
  27  2:47  Drone x5  
  32  2:55  Zergling x4  
  34  3:01  Drone  
  35  3:11  Overlord  
  34  3:16  Drone x2  
  34  3:19  Roach Warren  
  35  3:20  Drone  
  36  3:30  Drone  
  36  3:31  Drone x5  
  36  3:32  Overlord x2  
  42  3:47  Drone x2  
  44  3:48  Hatchery  
  42  4:18  Extractor, Drone x6  
  42  4:19  Overlord x2  
  42  4:21  Lair  
  42  4:22  Extractor  
  42  4:23  Extractor  
  44  4:28  Zergling x2  
  45  4:31  Zergling x2  
  46  4:52  Drone x5  
  51  4:57  Roach x5  
  61  5:09  Roach  
  61  5:10  Roach x2  
  66  5:23  Spine Crawler  
  66  5:26  Spine Crawler x2, Overlord x3  
  66  5:27  Spine Crawler, Glial Reconstitution  
  62  5:28  Roach x4  
  62  5:29  Roach x2  
  74  5:46  Roach x6  
  82  6:05  Roach  
  82  6:06  Roach x4  
  92  6:11  Roach x2  
  90  6:35  Roach x7  
  90  6:36  Roach x2  
  108  6:55  Drone x3  
  108  6:56  Drone  
  108  6:58  Drone  
  113  7:02  Hatchery  
  112  7:15  Overseer  
Tags
 
Add a new tag
Caveats
  • Supply blocks, unpowered buildings, or Contaminate may cause inaccurate times.
  • Supply counts are checked every 10 seconds.